AoeStats
← old f1sh

Oasis

509148610Analyzed
4v4 RM · 8d ago on Sep 25, 2026· 51m 9s· 8 players
Game mode
Random Map
Map size
Large (8 player)
Population
200
Speed
Normal
Resources
Standard
Victory
Conquest
Starting age
Dark Age
Ending age
Imperial Age
RankedLock teamsTeams togetherTeam positionsShared explorationLock speedFull tech treeHidden civsTurbo modeCheats
Victory
Defeat
🇨🇳 Persians · China
1629
+10
🇺🇦 Saracens · Ukraine
1444
+18
🇺🇸 Poles · United States
1442
+18
1425
+18
🇦🇷 Wei · Argentina
1526
-18
🇦🇷 Koreans · Argentina
1478
-16
🇦🇷 Shu · Argentina
1471
-15
🇩🇪 Cumans · Germany
1455
-15
_29_3ffect_Arg
9:12 Feudal Age
8:47 Loom
10:03 Double-Bit Axe
10:26 Horse Collar
14:16 Scale Barding Armor
17:43 Gold Mining
18:56 Bloodlines
19:25 Wheelbarrow
22:41 Castle Age
23:46 Chain Barding Armor
24:53 Bow Saw
25:19 Husbandry
26:26 Forging
28:11 Gold Shaft Mining
28:58 Iron Casting
33:25 Town Watch
33:56 Hand Cart
34:24 Stone Mining
35:43 Heavy Plow
36:19 Stone Shaft Mining
40:03 Imperial Age
38:40 Scale Mail Armor
39:49 Masonry
39:19 Treadmill Crane
39:47 Squires
39:08 Pikeman
40:05 Chain Mail Armor
40:06 Halberdier
41:48 Blast Furnace
41:14 Conscription
41:09 Fortified Wall
41:02 Heavy Hei Guang Cavalry
50:29 Coinage
Sergeantmilan97
9:39 Feudal Age
10:59 Double-Bit Axe
13:52 Horse Collar
16:18 Loom
17:12 Wheelbarrow
20:24 Castle Age
19:04 Scale Barding Armor
20:44 Gold Mining
23:13 Chain Barding Armor
25:32 Bow Saw
25:25 Heavy Plow
26:50 Forging
28:17 Iron Casting
27:57 Bloodlines
33:04 Hand Cart
33:43 Gold Shaft Mining
33:30 Steppe Husbandry
37:26 Imperial Age
39:06 Plate Barding Armor
39:32 Blast Furnace
39:21 Elite Steppe Lancer
41:11 Two-Man Saw
__24_Thorfin_Arg
5:07 Loom
8:53 Feudal Age
18:57 Fletching
24:25 Castle Age
23:35 Double-Bit Axe
24:20 Padded Archer Armor
24:37 Crossbowman
29:06 Bodkin Arrow
35:09 Horse Collar
37:28 Wheelbarrow
43:22 Imperial Age
42:44 Town Watch
43:43 Bow Saw
44:35 Heavy Plow
47:33 Arbalester
48:04 Arbalester
48:49 Thumb Ring
49:18 Thumb Ring
51:24 Bracer
51:40 Leather Archer Armor
__127_Monchito008_Arg
0:26 Loom
11:39 Feudal Age
13:41 Double-Bit Axe
26:02 Horse Collar
29:53 Castle Age
29:40 Fletching
31:26 Bodkin Arrow
31:38 Thumb Ring
31:47 Stone Mining
31:49 Gold Mining
33:37 Wheelbarrow
40:08 Imperial Age
40:42 Bow Saw
41:28 Bracer
41:49 Elite Skirmisher
Jack Tyler
9:38 Feudal Age
7:59 Loom
12:03 Fletching
12:53 Double-Bit Axe
14:17 Stone Mining
27:05 Castle Age
27:36 Wheelbarrow
26:47 Town Watch
27:33 Horse Collar
28:01 Bodkin Arrow
28:15 Guard Tower
28:46 Ballistics
30:18 Heavy Plow
31:38 Scale Barding Armor
32:58 Stone Shaft Mining
33:45 Husbandry
33:55 Bloodlines
33:54 Murder Holes
34:14 Masonry
35:55 Hand Cart
37:13 Bow Saw
41:21 Imperial Age
39:36 Gold Mining
40:43 Szlachta Privileges
42:24 Chain Barding Armor
42:15 Forging
42:54 Crop Rotation
43:17 Keep
43:44 Chemistry
43:43 Bracer
43:32 Arrowslits
43:29 Treadmill Crane
44:34 Cavalier
46:16 Iron Casting
46:17 Conscription
47:25 Light Cavalry
48:30 Winged Hussar
49:33 Lechitic Legacy
old f1sh
6:07 Loom
8:57 Feudal Age
9:39 Double-Bit Axe
19:22 Wheelbarrow
19:21 Scale Barding Armor
22:21 Castle Age
21:09 Bloodlines
21:10 Forging
20:55 Horse Collar
23:08 Chain Barding Armor
22:10 Light Cavalry
23:39 Husbandry
28:09 Town Watch
30:09 Hand Cart
34:58 Bow Saw
34:49 Heavy Plow
35:38 Iron Casting
39:44 Imperial Age
39:25 Gold Mining
40:48 Crop Rotation
40:54 Plate Barding Armor
41:20 Blast Furnace
39:42 Heavy Camel Rider
40:53 Conscription
41:58 Guilds
41:14 Elite War Elephant
42:31 Hoardings
44:24 Masonry
44:32 Caravan
48:18 Devotion
50:23 Stone Mining
Audi_13
6:25 Loom
8:58 Feudal Age
9:57 Double-Bit Axe
12:17 Forging
17:39 Bloodlines
22:04 Castle Age
21:04 Horse Collar
21:37 Scale Barding Armor
22:09 Light Cavalry
23:16 Chain Barding Armor
28:57 Iron Casting
30:34 Wheelbarrow
29:48 Town Watch
32:33 Husbandry
36:10 Imperial Age
36:06 Hand Cart
35:56 Stone Mining
38:25 Plate Barding Armor
39:59 Blast Furnace
40:03 Elite Mameluke
41:05 Conscription
41:05 Heavy Camel Rider
43:01 Heavy Plow
47:11 Chemistry
V我50%匡扶汉室
5:15 Loom
10:22 Feudal Age
18:24 Horse Collar
19:48 Fletching
25:01 Double-Bit Axe
28:03 Castle Age
26:00 Gold Mining
27:46 Stone Mining
28:33 Padded Archer Armor
28:07 Crossbowman
28:52 Thumb Ring
29:42 Bodkin Arrow
30:02 Leather Archer Armor
35:51 Gold Shaft Mining
39:16 Imperial Age
39:59 Ballistics
40:24 Conscription
40:14 Bracer
40:45 Ring Archer Armor
39:47 Arbalester
45:39 Chemistry
Connection lost

Rejoining the realm…

Still unreachable

The connection could not be restored.

Session expired

The server has moved on; the page needs a fresh start.